 Dungeon Crawl Stone Soup version 0.31-a0-441-g867994ef1c (webtiles) character file.

Game seed: 10028466766271182930

91 Anon1729 the Trooper (level 4, 0/40 HPs)
             Began as a Minotaur Monk on Aug 2, 2023.
             Slain by Grinder (1 damage)
             ... while paralysed by Grinder
             ... on level 3 of the Dungeon.
             The game lasted 00:00:56 (1256 turns).

Anon1729 the Trooper (Minotaur Monk)                Turns: 1256, Time: 00:00:57

Health: 0/40       AC:  2    Str: 16    XL:     4   Next: 33%
Magic:  13/13      EV:  2    Int:  7    God:
Gold:   109        SH:  0    Dex: 14    Spells: 3/3 levels left

rFire   . . .        g - +1 dagger (freeze)
rCold   . . .        d - orb {light}
rNeg    . . .        b - +0 robe
rPois   .            (helmet restricted)
rElec   .            (no cloak)
rCorr   .            (no gloves)
SInv    .            (no boots)
Will    .....        e - amulet of regeneration
Stlth   +            l - ring of magical power
HPRegen 1.06/turn    (no ring)
MPRegen 0.13/turn

%: no passive effects
@: paralysed, glowing
A: horns 2, retaliatory headbutt
a: no special abilities


You were on level 3 of the Dungeon.
You visited 1 branch of the dungeon, and saw 3 of its levels.

You collected 109 gold pieces.

Inventory:

Hand Weapons
 a - a +0 short sword
 g - a +1 dagger of freezing (weapon)
Armour
 b - a +0 robe (worn)
 d - an orb of light (worn)
Jewellery
 e - an amulet of regeneration (around neck)
 l - a ring of magical power (left hand)
Talismans
 q - a dragon-blood talisman
Scrolls
 h - a scroll of summoning {unknown}
 i - 3 scrolls of fog {unknown}
 j - a scroll of vulnerability {unknown}
 m - a scroll of blinking {unknown}
 n - a scroll of fear {unknown}
 o - a scroll of torment {unknown}
 p - 4 scrolls of identify {unknown}
Potions
 c - a potion of ambrosia
 f - a potion of curing {unknown}
 k - a potion of heal wounds {unknown}


   Skills:
 + Level 4.3 Fighting
 + Level 3.9 Short Blades
 + Level 1.9 Armour
 + Level 3.8 Dodging
 + Level 1.4 Invocations


You had 3 spell levels left.
You didn't know any spells.
Your spell library contained the following spells:

 Spells                   Type           Power      Damage    Failure   Level
 Call Canine Familiar     Summ           0%         N/A       80%         3
 Portal Projectile        Hex/Tloc       0%         N/A       80%         3
 Leda's Liquefaction      Hex/Erth       0%         N/A       99%         4


Dungeon Overview and Level Annotations

Branches:
Dungeon (3/15)

Altars:

Shops:
D:1 =

Annotations:
D:3 Grinder


Innate Abilities, Weirdness & Mutations

You have a pair of horns on your head.
You reflexively headbutt those who attack you in melee.


Message History

Grinder blinks!
Grinder is nearby!
You hit Grinder. Your headbutt misses Grinder.
Grinder is heavily wounded.
Grinder hits you.
You hit Grinder but do no damage.
Grinder is heavily wounded.
Grinder says, "Mostly I couldn't keep them alive."
Grinder gestures at you. Pain shoots through your body!
* * * LOW HITPOINT WARNING * * *
You are too injured to fight recklessly!
You are too injured to fight recklessly!
You are too injured to fight recklessly!
You are too injured to fight recklessly!
You are too injured to fight recklessly!
You are too injured to fight recklessly!
You are too injured to fight recklessly!
You are too injured to fight recklessly!
You are too injured to fight recklessly!
You are too injured to fight recklessly!
You are too injured to fight recklessly!
You hit Grinder.
Grinder is heavily wounded.
Grinder barely misses you.
You hit Grinder.
Grinder is severely wounded.
Grinder gestures at you. Pain shoots through your body!
* * * LOW HITPOINT WARNING * * *
You hit Grinder.
Grinder is severely wounded.
You barely miss Grinder.
Grinder is severely wounded.
Grinder gestures at you.
You suddenly lose the ability to move!
Grinder hits you!
* * * LOW HITPOINT WARNING * * *
You writhe in agony.
You die...

....... #........#..## .......
###........##...
.......########..[........####
..........).....#####.##### #
.........##.##### #.# #
...)...####.# #.# # ....... #.##
#.# # ^...... #.5### #.# #
......# ##.@.#### #.# # .....#
###..†.# #.# ##### ##### ####.#
#>####.... #.# #...##.###
#.#####.#..#
###################....##...####
#...............................
########################...#####
##..#


You could see Grinder.

Vanquished Creatures
  Jessica (D:3)
  2 adders (D:2)
  A worm (D:3)
  2 orcs (D:3)
  4 ball pythons (D:1)
  2 bats (D:3)
  4 endoplasms (D:1)
  3 giant cockroaches
  3 goblins
  4 hobgoblins
  2 jackals (D:2)
  3 kobolds (D:1)
  2 quokkas
  6 rats
39 creatures vanquished.

Notes
Turn   | Place    | Note
-------+----------+-------------------------------------------
     0 | D:1      | Anon1729 the Minotaur Monk began the quest for the Orb.
     0 | D:1      | Reached XP level 1. HP: 19/19 MP: 0/0
   120 | D:1      | Reached XP level 2. HP: 18/27 MP: 1/1
   268 | D:1      | Found Banasch's Jewellery Emporium.
   324 | D:1      | Reached skill level 1 in Armour
   725 | D:1      | Reached skill level 4 in Fighting
   772 | D:2      | Reached skill level 1 in Invocations
   772 | D:2      | Reached XP level 3. HP: 32/33 MP: 2/2
   960 | D:2      | You fall into a shaft and drop 1 floor!
  1051 | D:3      | Noticed Jessica
  1058 | D:3      | Killed Jessica
  1059 | D:3      | Reached XP level 4. HP: 31/40 MP: 4/4
  1214 | D:3      | Noticed Grinder
  1255 | D:3      | Paralysed by Grinder for 3 turns
  1256 | D:3      | HP: 1/40 [Grinder (8)]
  1256 | D:3      | Slain by Grinder

Illustrated notes

Levels and vault maps discovered:
D:1:      dpeg_arrival_solitude, layout_rooms, serial_shops,
          nicolae_shop_advertising_works [nicolae_subvault_shop_adworks],
          kennysheep_pointless_box
D:2:      layout_loops_ring, serial_bayou, serial_bayou_pond_d,
          serial_bayou_shore_a, serial_bayou_pond_a, serial_bayou_lagoon_a,
          serial_bayou_crossing, serial_bayou_pond_d, nrook_campfire,
          minmay_pentomino_r4
D:3:      layout_rooms, minmay_misc_feat_diagonals, uniq_jessica,
          uniq_crazy_yiuf_cottage, uniq_grinder

Skill      XL: |  1  2 |
---------------+-------+-----
Armour         | 1 |  1.9
Fighting       | 4 |  4.3
Invocations    | 1 |  1.4
Short Blades   | |  3.9
Dodging        | |  3.8

Action                     |  1- 3 |  4- 6 || total
---------------------------+-------+-------++-------
  Melee: Short sword       |    11 |       ||    11
         Dagger            |    72 |    31 ||   103
         Headbutt          |    15 |     1 ||    16
 Armour: Robe              |    16 |       ||    16
  Dodge: Dodged            |    34 |    16 ||    50

Table legend: (Time is in decaauts)
 A = Elapsed time spent in this place.
 B = Non-inter-level travel time spent in this place.
 C = Inter-level travel time spent in this place.
 D = Time resting spent in this place.
 E = Time spent auto-exploring this place.
 F = Levels seen in this place.
 G = Mean time per level.
                   A        B        C        D        E       F      G
               +--------+--------+--------+--------+--------+-----+--------+
         Total |   1236 |   1201 |     35 |     58 |    889 |   3 |  412.0 |
       Dungeon |   1236 |   1201 |     35 |     58 |    889 |   3 |  412.0 |
               +--------+--------+--------+--------+--------+-----+--------+

Top non-repeatable levels by time:
     D:1: 757 daAuts
     D:3: 287 daAuts
     D:2: 192 daAuts
